 Dungeon Crawl Stone Soup version 0.21.0 (webtiles) character file.

373 MTVSty1e the Poker (level 6, -4/51 HPs)
             Began as a Draconian Summoner on Jan 7, 2018.
             Was an Initiate of Okawaru.
             Slain by a centaur skeleton (6 damage)
             ... on level 4 of the Dungeon.
             The game lasted 00:10:25 (5272 turns).

MTVSty1e the Poker (Draconian Summoner)             Turns: 5272, Time: 00:10:26

Health: -4/51      AC:  7    Str: 18    XL:     6   Next: 43%
Magic:  9/9        EV: 10    Int: 15    God:    Okawaru [......]
Gold:   188        SH:  7    Dex: 11    Spells: 8/9 levels left

rFire    . . .     SeeInvis .   e - +0 spear
rCold    + . .     Gourm    .   t - +0 shield
rNeg     . . .     Faith    .   (armour unavailable)
rPois    +         Spirit   .   (helmet restricted)
rElec    .         Reflect  .   (no cloak)
rCorr    +         Harm     .   (no gloves)
MR       .....                  q - +0 pair of boots (curse)
Stlth    ++........             (no amulet)
HPRegen  0.17/turn              m - ring of protection from cold
MPRegen  0.11/turn              o - ring of resist corrosion

@: mighty
A: unfitting armour, stinger 1, blink, sense surroundings 1, poison resistance,
cold-blooded, AC +6
a: Blink, Renounce Religion


You were on level 4 of the Dungeon.
You worshipped Okawaru.
Okawaru was noncommittal.
You were not hungry.

You visited 1 branch of the dungeon, and saw 4 of its levels.

You collected 188 gold pieces.

Inventory:

Hand Weapons
 e - a +0 spear (weapon)
Armour
 q - a cursed +0 pair of boots (worn)
 t - a +0 shield (worn)
Jewellery
 m - a ring of protection from cold (left hand)
 o - a ring of resist corrosion (right hand)
Scrolls
 c - 5 scrolls of teleportation
 f - 2 scrolls of immolation {unknown}
 l - a scroll of remove curse {unknown}
 r - a scroll of magic mapping {unknown}
Potions
 g - 2 potions of brilliance
 j - a potion of agility {unknown}
 k - a potion of curing {unknown}
 n - a potion of mutation
 p - 2 potions of lignification {unknown}
 s - a potion of haste {unknown}
Books
 a - a book of Callings

   Spells                             Type                      Level
   a - Summon Small Mammal            Summoning                    1
   b - Call Imp                       Summoning                    2
   c - Call Canine Familiar           Summoning                    3
   d - Summon Guardian Golem          Hexes/Summoning              3
   e - Summon Lightning Spire         Summoning/Air                4
   f - Summon Ice Beast               Ice/Summoning                4
Comestibles
 b - a ration


   Skills:
 + Level 3.6 Fighting
 * Level 4.2 Polearms
 + Level 3.4 Dodging
 - Level 1.7 Stealth
 - Level 2.0 Spellcasting
 - Level 4.0 Summonings


You had 8 spell levels left.
You knew the following spells:

 Your Spells              Type           Power        Failure   Level  Hunger
a - Summon Small Mammal   Summ           ##..         30%         1    #......


Dungeon Overview and Level Annotations

Branches:
Dungeon (4/15)
 Temple: D:4-7

Altars:
Okawaru
Vehumet


Innate Abilities, Weirdness & Mutations

Your plain brown scales are hard. (AC +6)
You cannot fit into any form of body armour.
You are cold-blooded and may be slowed by cold attacks.
Your tail ends in a poisonous barb.
You can translocate small distances at will.
You passively map a small area around you.
Your system is resistant to poisons. (rPois)


Message History

The centaur skeleton hits you.
* * * LOW HITPOINT WARNING * * *
The orc wizard mumbles some strange words.
The orc wizard flickers and vanishes!
Deactivating autopickup; reactivate with Ctrl-A.
The orc wizard looks braver for a moment.
There is an open door here.
The centaur skeleton misses you.
You open the door.
The centaur skeleton completely misses you.
There is an open door here.
The centaur skeleton hits you.
* * * LOW HITPOINT WARNING * * *
You open the door. The centaur skeleton hits you.
* * * LOW HITPOINT WARNING * * *
Found 2 scrolls labeled QEMOIST CONO.
The orc wizard casts a spell.
The orc wizard flickers and vanishes!
Something hits you but does no damage. The centaur skeleton hits you.
You die...

....†####......#####
.....#..#..........# ,
.....'..####'##....# ,, ,
.....#.....o.o'....#
.....#####....#o...# *
#'##.....#....##{##....,
#..#.....#....#...# .. ,
* #..#.....#....#.Z.# , *
#.##.....##..###@##,, * ,
#<#.......#..#.........#
..#......<#..#.........#
..#......O#..#.....?...#,
..#.......#..#.........#
..#.......####..........
,
#'#................##+#.
..#................# ,
..#................#


You could see an orc and a centaur skeleton.

Vanquished Creatures
  A big kobold (D:3)
  A scorpion (D:4)
  A howler monkey (D:4)
  9 adders
  An ooze (D:1)
  4 adder skeletons (D:2)
  A worm (D:2)
  3 dart slugs
  2 leopard geckos
  3 orcs (D:3)
  6 bats
  A bat zombie (D:2)
  4 giant cockroaches
  11 goblins
  16 hobgoblins
  3 jackals (D:1)
  3 quokkas
  A ball python (D:3)
  7 frilled lizards
  A jackal skeleton (D:4)
  12 kobolds
  2 leopard gecko skeletons (D:4)
  A quokka zombie (D:3)
  6 rats
100 creatures vanquished.

Vanquished Creatures (collateral kills)
  An ooze (D:1)
  A hobgoblin (D:1)
  A jackal (D:1)
  A frilled lizard (D:1)
  A rat (D:1)
5 creatures vanquished.

Grand Total: 105 creatures vanquished

Notes
Turn   | Place    | Note
-------+----------+-------------------------------------------
     0 | D:1      | MTVSty1e the Draconian Summoner began the quest for the Orb.
     0 | D:1      | Reached XP level 1. HP: 14/14 MP: 3/3
    27 | D:1      | Reached skill level 1 in Fighting
   169 | D:1      | Reached XP level 2. HP: 20/23 MP: 3/5
   746 | D:1      | Reached skill level 1 in Polearms
   763 | D:1      | Reached XP level 3. HP: 7/29 MP: 6/6
  2050 | D:2      | Reached XP level 4. HP: 28/36 MP: 7/7
  2430 | D:2      | Found an iron altar of Okawaru.
  2467 | D:2      | Became a worshipper of Warmaster Okawaru
  3575 | D:3      | Reached XP level 5. HP: 42/42 MP: 8/8
  4039 | D:3      | Found a radiant altar of Vehumet.
  4807 | D:4      | Noticed an ogre
  4837 | D:3      | Reached XP level 6. HP: 18/51 MP: 9/9
  5088 | D:3      | Gained mutation: You passively map a small area around you. [potion of mutation]
  5088 | D:3      | Gained mutation: Your system is resistant to poisons. (rPois) [potion of mutation]
  5088 | D:3      | Gained mutation: Your tail ends in a poisonous barb. [potion of mutation]
  5088 | D:3      | Gained mutation: You can translocate small distances at will. [potion of mutation]
  5271 | D:4      | HP: 2/51 [centaur skeleton (3)]
  5272 | D:4      | Slain by a centaur skeleton

Skill      XL: |  1  2  3  4  5 |
---------------+----------------+-----
Fighting       | 1 2 3 |  3.6
Dodging        | 2 3 |  3.4
Polearms       | 1 2 4 |  4.2
Stealth        | |  1.7
Spellcasting   | |  2.0
Summonings     | |  4.0

Action                   |  1- 3 |  4- 6 || total
-------------------------+-------+-------++-------
Melee: Unarmed           |    20 |       ||    20
       Tailslap          |    16 |    34 ||    50
       Spear             |   195 |   319 ||   514
 Cast: Summon Small Mamm |     3 |       ||     3
 Abil: Blink             |       |     2 ||     2
  Use: Potion            |       |     6 ||     6
       Scroll            |       |     3 ||     3
 Stab: Sleeping          |     1 |    11 ||    12
       Distracted        |     1 |     1 ||     2
  Eat: Chunk             |     3 |     3 ||     6
       Ration            |       |     3 ||     3
Armor: Skin              |    57 |    98 ||   155
Dodge: Dodged            |   140 |   177 ||   317
Block: Shield            |       |    35 ||    35
